 Dungeon Crawl Stone Soup version 0.28-a0-1292-gb4563b27b3 (webtiles) character file.

Game seed: 17019907473581680151

79 Cheeritup the Digger (level 4, 0/25 HPs)
             Began as a Gargoyle Earth Elementalist on Dec 27, 2021.
             Slain by an adder (3 damage)
             ... on level 2 of the Dungeon.
             The game lasted 00:15:00 (2533 turns).

Cheeritup the Digger (Gargoyle Earth Elementalist)  Turns: 2533, Time: 00:15:00

Health: 0/25       AC:  5    Str: 12    XL:     4   Next: 38%
Magic:  7/7        EV: 12    Int: 17    God:
Gold:   177        SH:  0    Dex: 10    Spells: 2/8 levels left

rFire   + . .      SeeInvis .   i - +0 whip
rCold   . . .      Faith    .   (no shield)
rNeg    + . .      Spirit   .   g - +0 robe
rPois   ∞          Reflect  .   (no helmet)
rElec   +          Harm     .   (no cloak)
rCorr   .          Rampage  .   (no gloves)
Will    .....                   (no boots)
Stlth   ++........              (no amulet)
HPRegen 0.08/turn               e - ring of protection from fire
MPRegen 0.10/turn               (no ring)

@: no status effects
A: sickness immunity, AC +3, negative energy resistance 1, electricity
resistance, torment resistance 1, petrification resistance
a: no special abilities


You were on level 2 of the Dungeon.
You visited 1 branch of the dungeon, and saw 3 of its levels.

You collected 177 gold pieces.

Inventory:

Hand Weapons
 h - a +0 flail
 i - a +0 whip (weapon)
Missiles
 c - 65 stones
 d - 4 boomerangs
 j - 22 poisoned darts
Armour
 g - a +0 robe (worn)
Jewellery
 e - a ring of protection from fire (left hand)
Potions
 a - a potion of curing {unknown}
 f - a potion of haste {unknown}


   Skills:
 + Level 1.6 Fighting
 + Level 0.7 Maces & Flails
 - Level 1.6 Dodging
 - Level 2.3 Stealth
 + Level 2.6 Spellcasting
 - Level 0.9 Transmutations
 * Level 4.8 Earth Magic


You had 2 spell levels left.
You knew the following spells:

 Your Spells              Type           Power      Damage    Failure   Level
a - Sandblast             Erth           36%        2d10      2%          1
b - Stone Arrow           Conj/Erth      20%        3d8       21%         3
c - Passwall              Tmut/Erth      10%        N/A       9%          2

Your spell library contained the following spells:

 Spells                   Type           Power      Damage    Failure   Level
 Petrify                  Tmut/Erth      12%        N/A       50%         4


Dungeon Overview and Level Annotations

Branches:
Dungeon (3/15)

Altars:

Shops:
D:1 :


Innate Abilities, Weirdness & Mutations

You are immune to sickness and miasma.
Your stone body is resilient. (AC +3)
You are immune to poison.
You resist negative energy. (rN+)
You are resistant to electric shocks. (rElec)
You are resistant to unholy torment.
You are immune to petrification.


Message History

Found a stone staircase leading up.
The gnoll closely misses you. The gnoll hits you with a +0 club.
* * * LOW HITPOINT WARNING * * *
You hit the giant cockroach but do no damage.
The adder bites you but does no damage.
The giant cockroach bites you but does no damage.
The hobgoblin barely misses you. The adder closely misses you.
The gnoll closely misses you.
You hit the giant cockroach but do no damage.
The giant cockroach barely misses you. The gnoll closely misses you.
The hobgoblin closely misses you. The adder misses you.
The giant cockroach closely misses you. The gnoll barely misses you.
The gnoll closely misses you. The gnoll barely misses you.
You hit the giant cockroach.
You kill the giant cockroach!
The hobgoblin completely misses you. The adder bites you but does no damage.
The gnoll hits you from afar with a +0 halberd.
* * * LOW HITPOINT WARNING * * *
The gnoll hits you but does no damage.
Found a spear.
The adder completely misses you. The adder closely misses you.
The gnoll barely misses you.
You see here a giant cockroach corpse.
The hobgoblin hits you but does no damage.
The adder bites you.
* * * LOW HITPOINT WARNING * * *
The adder bites you but does no damage.
Number of times to repeat, then command key: You must enter the number of times for the command to repeat.
The adder misses you. The adder closely misses you.
The adder barely misses you.
There is a stone staircase leading up here.
You can't go down here!
The adder misses you. The adder completely misses you.
You climb upwards.
There is a stone staircase leading down here.
The adder closely misses you. The adder bites you but does no damage.
The adder bites you.
You die...

###########.....####........#....
#.......+...........#....
##......####..<.....#####
#.......# ##>......##### #
#.......# #.#'##......#
##########.....#+####.#..+......'
'.......#..........##g####......#
#######.#.####.....##.# ########
# #.#.# #..@S.##.###### #.#÷#
##....g.......# #.#.#
#.#####......# #.#.#####.#
#......# #.#.....#.# #......#
#.#####.#.# #......# #.#...#.#.#
#......# #.#.#.#.#.# #......#
#.#.#.#.#.# ########


You could see a gnoll and an adder.

Vanquished Creatures
  Jessica (D:2)
  2 adders (D:2)
  A dart slug (D:1)
  A ball python (D:2)
  4 bats
  4 endoplasms
  2 giant cockroaches
  3 goblins
  3 hobgoblins
  5 kobolds
  4 frilled lizards
  4 rats (D:1)
34 creatures vanquished.

Notes
Turn   | Place    | Note
-------+----------+-------------------------------------------
     0 | D:1      | Cheeritup the Gargoyle Earth Elementalist began the quest
                  | for the Orb.
     0 | D:1      | Reached XP level 1. HP: 10/10 MP: 3/3
   129 | D:1      | Reached XP level 2. HP: 15/15 MP: 0/5
   145 | D:1      | Found Enoatu's Book Boutique.
   247 | D:1      | Reached skill level 4 in Earth Magic
   836 | D:2      | Reached skill level 1 in Fighting
   836 | D:2      | Reached XP level 3. HP: 13/20 MP: 2/6
  1425 | D:2      | Learned a level 3 spell: Stone Arrow
  1428 | D:2      | Learned a level 2 spell: Passwall
  1752 | D:2      | Noticed Jessica
  1839 | D:2      | Killed Jessica
  1840 | D:2      | Reached XP level 4. HP: 4/25 MP: 0/7
  2510 | D:3      | HP: 1/25 [adder (3)]
  2533 | D:2      | Slain by an adder

Illustrated notes

Levels and vault maps discovered:
D:1:      minmay_arrival_arboretum_small, layout_rooms, serial_shops,
          nicolae_shop_trees
D:2:      layout_basic, kennysheep_generic_room_13, uniq_jessica
D:3:      layout_basic, minmay_misc_feat_doors, amethyst_killhole,
          minmay_ogre_servants, uniq_ijyb

Skill      XL: |  1  2 |
---------------+-------+-----
Earth Magic    | 4 |  4.8
Fighting       | 1 |  1.6
Maces & Flails | |  0.7
Dodging        | |  1.6
Stealth        | |  2.3
Spellcasting   | |  2.6
Transmutations | |  0.9

Action                   |  1- 3 |  4- 6 || total
-------------------------+-------+-------++-------
Melee: Unarmed           |     4 |       ||     4
       Club              |    36 |       ||    36
       Flail             |    27 |       ||    27
       Whip              |     5 |    15 ||    20
 Cast: Sandblast         |    13 |     2 ||    15
  Use: Scroll            |     3 |     1 ||     4
 Stab: Sleeping          |     3 |     1 ||     4
Armor: Robe              |    32 |     9 ||    41
Dodge: Dodged            |    66 |    35 ||   101

Table legend: (Time is in decaauts)
 A = Elapsed time spent in this place.
 B = Non-inter-level travel time spent in this place.
 C = Inter-level travel time spent in this place.
 D = Time resting spent in this place.
 E = Time spent auto-exploring this place.
 F = Levels seen in this place.
 G = Mean time per level.
                   A        B        C        D        E       F      G
               +--------+--------+--------+--------+--------+-----+--------+
         Total |   2554 |   2512 |     42 |    692 |   1172 |   3 |  851.3 |
       Dungeon |   2554 |   2512 |     42 |    692 |   1172 |   3 |  851.3 |
               +--------+--------+--------+--------+--------+-----+--------+

Top non-repeatable levels by time:
     D:2: 1681 daAuts
     D:1: 833 daAuts
     D:3: 39 daAuts
